 Dungeon Crawl Stone Soup version 0.23-a0-451-g1044d4cbad (webtiles) character file.

142328 Napalmbreeze the Eclecticist (level 16, -12/99 HPs)
             Began as a Deep Elf Fire Elementalist on Nov 21, 2018.
             Was the Champion of Vehumet.
             Mangled by a sea snake (22 damage)
             ... on level 3 of the Shoals on Nov 22, 2018.
             The game lasted 02:00:25 (39671 turns).

Napalmbreeze the Eclecticist (DEFE)                Turns: 39671, Time: 02:00:25

Health: -12/99     AC:  9    Str:  5    XL:     16   Next: 80%
Magic:  38/38      EV: 20    Int: 31    God:    Vehumet [******]
Gold:   2814       SH:  5    Dex: 15    Spells: 1/47 levels left

rFire    + + .     SeeInvis .   e - staff of conjuration
rCold    x . .     Gourm    +   I - +0 buckler
rNeg     . . .     Faith    .   N - +2 robe {rF+}
rPois    +         Spirit   .   E - +2 helmet {Int+3}
rElec    .         Reflect  .   k - +0 cloak
rCorr    .         Harm     .   x - +0 pair of gloves
MR       +....                  (no boots)
Stlth    ++........             A - amulet of the gourmand
HPRegen  0.26/turn              f - ring of poison resistance
MPRegen  0.26/turn              D - ring of fire

@: no status effects
A: no striking features
a: Renounce Religion


You were on level 3 of the Shoals.
You worshipped Vehumet.
Vehumet was exalted by your worship.
You were completely stuffed.

You visited 5 branches of the dungeon, and saw 28 of its levels.

You collected 2858 gold pieces.
You spent 44 gold pieces at shops.

Inventory:

Hand Weapons
 t - a +5 long sword of freezing
Missiles
 j - 28 javelins (quivered)
Armour
 k - a +0 cloak (worn)
 x - a +0 pair of gloves (worn)
 E - a +2 helmet of intelligence (worn)
 I - a +0 buckler (worn)
 N - a +2 robe of fire resistance (worn)
Magical Staves
 e - an uncursed staff of conjuration (weapon)
Jewellery
 a - the ring "Beybopp" {+Inv rF- Str+6 Slay+2 SInv}
   (You found it on level 4 of the Lair of Beasts)

   [ring of see invisible]

   It affects your strength (+6).
   It affects your accuracy and damage with ranged weapons and melee attacks
   (+2).
   It makes you vulnerable to fire.
   It lets you see invisible.
   It lets you turn invisible.
 f - a ring of poison resistance (left hand)
 n - an uncursed ring of fire
 A - an amulet of the gourmand (around neck)
 D - a ring of fire (right hand)
 H - a +2 ring of protection
 O - an uncursed ring of positive energy
 W - a +3 ring of dexterity {unknown}
Wands
 q - a wand of random effects (24)
 K - a wand of scattershot (4)
 L - a wand of paralysis (21)
 M - a wand of flame (9)
 U - a wand of digging (3)
 V - a wand of iceblast (17)
Scrolls
 d - 14 scrolls of teleportation
 g - 15 scrolls of remove curse
 i - 3 scrolls of amnesia
 m - 2 scrolls of blinking
 r - 2 scrolls of enchant weapon
 s - 6 scrolls of fog
 y - 4 scrolls of magic mapping
 J - 5 scrolls of identify
 R - 3 scrolls of fear
 T - a scroll of brand weapon {unknown}
Potions
 b - 14 potions of flight
 h - 3 potions of ambrosia {unknown}
 l - 2 potions of lignification {unknown}
 o - 6 potions of heal wounds
 p - 3 potions of resistance {unknown}
 u - 8 potions of curing
 v - 4 potions of brilliance
 w - 4 potions of haste
 z - 4 potions of agility
 B - 4 potions of mutation {unknown}
 C - 5 potions of magic {unknown}
 F - 3 potions of berserk rage
 G - 4 potions of might {unknown}
 P - 2 potions of cancellation {unknown}
 Q - a potion of invisibility {unknown}
Miscellaneous
 S - a sack of spiders
Comestibles
 c - 51 rations
 X - 2 chunks of flesh


   Skills:
 + Level 10.9 Fighting
 + Level 11.5 Dodging
 - Level 2.4 Stealth
 - Level 4.2 Shields
 - Level 16.0 Spellcasting
 - Level 15.3 Conjurations
 + Level 7.2 Summonings
 + Level 12.3 Fire Magic
 - Level 6.7 Ice Magic
 - Level 8.0 Air Magic
 - Level 8.4 Evocations


You had one spell level left.
You knew the following spells:

 Your Spells              Type           Power        Failure   Level  Hunger
a - Flame Tongue          Conj/Fire      #####        0%          1    None
c - Ignition              Fire           ########..   19%         8    ######.
d - Conjure Flame         Conj/Fire      ########     0%          3    None
e - Fireball              Conj/Fire      ########..   1%          5    None
f - Sticky Flame          Conj/Fire      ########     1%          4    None
g - Airstrike             Air            ######....   1%          4    None
q - Spellforged Servitor  Conj/Summ      #######...   4%          7    #####..
s - Throw Flame           Conj/Fire      ######       0%          2    None
t - Bolt of Fire          Conj/Fire      ########..   1%          6    ##.....
w - Freezing Cloud        Conj/Ice/Air   #######...   1%          6    ##.....

Your spell library contained the following spells:

 Spells                   Type           Power        Failure   Level  Hunger
 Fire Storm               Conj/Fire      ########..   80%         9    #######
 Glaciate                 Conj/Ice       #######...   98%         9    #######
 Tornado                  Air            ######....   100%        9    #######
 Magic Dart               Conj           ####         0%          1    None
 Beastly Appendage        Tmut           ###...       1%          1    None
 Sandblast                Erth           ###...       1%          1    None
 Call Imp                 Summ           ######..     1%          2    None
 Ignite Poison            Fire/Tmut/Pois ######..     1%          3    None
 Inner Flame              Hex/Fire       #######.     1%          3    None
 Mephitic Cloud           Conj/Pois/Air  #######.     1%          3    None
 Stone Arrow              Conj/Erth      ######       1%          3    None
 Bolt of Magma            Conj/Fire/Erth ########..   1%          5    None
 Blink                    Tloc           N/A          2%          2    None
 Passwall                 Tmut/Erth      ###.....     2%          2    None
 Slow                     Hex            ###.....     2%          2    None
 Sticks to Snakes         Tmut           ###.....     2%          2    None
 Iron Shot                Conj/Erth      #######...   3%          6    ##.....
 Ice Form                 Ice/Tmut       #####...     4%          4    None
 Spider Form              Tmut/Pois      ###.......   5%          3    None
 Lee's Rapid Deconstruct  Erth           ###.......   13%         5    None
 Leda's Liquefaction      Hex/Erth       ###.......   17%         4    None
 Petrify                  Tmut/Erth      ###.....     17%         4    None
 Blade Hands              Tmut           ###.......   43%         5    None
 Ring of Flames           Chrm/Fire      #######...   75%         7    #####..
 Statue Form              Tmut/Erth      ###......    95%         6    ##.....
 Shatter                  Erth           ###.......   100%        9    #######


Dungeon Overview and Level Annotations

Branches:
Dungeon (15/15)            Temple (1/1) D:4            Lair (6/6) D:11
 Shoals (4/4) Lair:2        Snake (0/4) Lair:4        Slime (0/5) Lair:6
    Orc (2/2) D:9             Elf (0/3) Orc:2        Vaults (0/5) D:14
 Depths (0/5) D:15

Altars:
Ashenzari
Cheibriados
Dithmenos
Elyvilon
Fedhas
Gozag
Hepliaklqana
Kikubaaqudgha
Makhleb
Nemelex Xobeh
Okawaru
Qazlal
Ru
Sif Muna
Trog
Uskayaw
Vehumet
Wu Jian
Xom
Yredelemnul
Zin
The Shining One
Beogh

Shops:
D:4 :   D:5 *   D:8 :   D:10 *   D:12 *   Orc:2 =([*   Shoals:4 %

Portals:
Trove: D:11 (give 17 potions of curing)

Annotations:
D:10 1 runed door
D:11 2 transporters, endorz's ghost, journeyman HOBe


Message History

You feel your power returning.
You hear a splash.
The merfolk aquamancer gestures at you while chanting.
The shard of ice hits you!
You feel a painful chill!
* * * LOW HITPOINT WARNING * * *
You can't go down here!
The sea snake bites you but does no damage.
Vehumet accepts your kill.
You feel a bit more experienced.
You climb upwards.
There is a stone staircase leading down here.
Evoke which item? (* to show all) (? for menu, Esc to quit)
Aiming: Paralyse
Press: ? - help, Shift-Dir - straight line, f - sea snake
Aim: a sea snake (chance to defeat MR: 51%)
Okay, then.
As you read the scroll of fear, it crumbles to dust.
You assume a fearsome visage.
The sea snake easily resists.
The sea snake bites you!!
You die...

≈≈≈≈≈≈≈≈≈≈≈≈≈≈≈≈≈≈≈≈≈
≈≈≈≈≈≈≈≈≈≈≈≈≈≈≈≈≈≈≈≈≈≈≈≈
≈≈≈≈≈≈≈≈≈≈≈≈≈≈≈≈≈≈≈≈P≈≈≈≈
≈≈≈≈≈≈≈≈≈≈≈≈≈≈≈≈≈≈≈≈≈≈≈≈≈≈≈
≈≈≈≈≈≈≈≈≈≈≈≈≈≈≈≈≈≈≈≈≈≈≈≈≈≈≈≈
≈≈≈≈≈≈≈≈≈≈≈≈≈≈≈≈≈≈≈≈≈..≈≈≈≈≈
≈≈≈≈≈≈≈≈≈≈≈≈≈≈≈≈≈≈≈.≈...≈≈≈≈
≈≈≈≈≈≈≈≈≈≈≈≈.≈(≈........≈≈≈≈
≈≈≈≈≈≈≈≈≈≈≈@..≈≈.##.....≈≈≈≈
≈≈≈≈≈≈≈[..S>(.(≈.##..≈..≈≈≈≈ ≈≈
≈≈≈≈≈≈≈.......[≈≈...≈≈≈≈≈≈≈≈ ≈≈≈≈
≈≈≈.≈≈≈(..###........≈≈≈≈≈≈≈
≈≈≈≈≈≈≈≈.≈≈≈.#######.....≈≈≈≈≈≈≈≈
≈≈≈≈≈≈≈≈≈≈≈≈.####.......≈≈≈≈≈≈≈≈≈
≈≈≈≈≈≈≈≈≈≈≈≈......≈≈≈≈..≈≈≈≈≈≈≈..
≈≈≈≈≈≈≈≈≈≈≈.......≈≈≈≈≈≈.≈≈≈≈≈≈..
≈≈≈≈≈≈≈≈≈≈≈.......≈≈≈≈≈≈≈≈≈≈≈≈≈≈≈


You could see a sea snake.

Vanquished Creatures
  A kraken (Shoals:3)
  Gastronok (D:12)
  Kirke (Lair:5)
  A merfolk javelineer (Shoals:2)
  2 merfolk impalers
  Josephine (Orc:1)
  Harold (D:8)
  A rakshasa (D:15)
  3 vault guards
  6 hydras
  A catoblepas (Lair:6)
  7 centaur warriors
  3 tengu warriors (D:15)
  A satyr (Shoals:2)
  A satyr (shapeshifter) (D:15)
  A merfolk aquamancer (Shoals:4)
  2 two-headed ogres
  2 alligator snapping turtles
  15 death yaks
  An orc high priest (Orc:2)
  Urug (D:10)
  An unseen horror (D:15)
  3 sea snakes
  A deep elf archer (D:13)
  2 wizards (D:12)
  A wolf spider zombie (D:15)
  A lindwurm (Lair:3)
  4 orc sorcerers
  6 ugly things
  9 harpies (Shoals:1)
  A necromancer (D:12)
  An orc knight (D:15)
  6 fauns
  7 oklob plants
  5 deep elf magi
  4 cyclopes
  8 manticores
  3 merfolk sirens
  A centaur zombie (D:15)
  4 elephants (Lair:4)
  2 water nymphs (Shoals:3)
  A kobold demonologist (D:15)
  A gargoyle (D:13)
  5 black mambas
  13 spiny frogs
  5 yaktaurs
  A torpor snail (Lair:5)
  7 komodo dragons
  A yaktaur (shapeshifter) (D:15)
  A freezing wraith (D:13)
  A tengu conjurer (D:15)
  A troll (shapeshifter) (D:13)
  2 trolls (Orc:2)
  15 merfolk
  4 polar bears (Lair:6)
  7 hornets
  A harpy skeleton (D:15)
  4 wind drakes
  A polar bear (shapeshifter) (D:15)
  A meliai zombie (D:12)
  8 dream sheep
  12 blink frogs
  10 slime creatures
  The ghost of feta the Changer, an amateur OpTm (D:4)
  7 snapping turtles
  21 hippogriffs
  13 spriggans
  4 shadows (D:13)
  8 wraiths
  38 yaks
  A vampire (D:11)
  Grum (D:8)
  4 wyverns
  Eustachio (D:6)
  2 basilisks
  9 water elementals
  6 hogs (Lair:5)
  19 humans (D:14)
  16 vampire mosquitoes
  A fire elemental (D:12)
  A hungry ghost (D:13)
  8 wargs
  A soldier ant (D:10)
  An acid dragon (D:13)
  2 nagas (Lair:4)
  A soldier ant (shapeshifter) (D:15)
  9 porcupines
  10 water moccasins
  20 orc warriors
  3 eyes of draining
  A hornet zombie (D:13)
  4 ice beasts
  7 black bears
  3 sky beasts
  3 phantoms (D:9)
  14 ogres
  7 boggarts
  12 centaurs
  25 wolves
  8 crocodiles
  6 big kobolds
  17 bullfrogs
  A gnoll sergeant (D:10)
  A wyvern zombie (D:10)
  A wyvern skeleton (D:7)
  3 scorpions
  A troll zombie (D:9)
  10 killer bees
  10 wights
  10 howler monkeys
  5 electric eels
  16 crimson imps
  2 bullfrog zombies
  A quasit (D:13)
  4 jellies
  13 orc priests
  4 hounds
  17 orc wizards
  A bullfrog skeleton (D:10)
  A gnoll shaman (D:4)
  6 centaur skeletons
  7 iguanas
  11 worker ants
  2 yak simulacra (D:12)
  5 polar bear simulacra (D:12)
  2 wolf simulacra (D:12)
  7 ogre zombies (D:9)
  A hound zombie (D:9)
  A hound skeleton (D:5)
  13 gnolls
  11 adders
  A shadow imp (D:10)
  An ooze (D:6)
  An adder skeleton (D:6)
  4 worms
  3 dart slugs
  5 leopard geckos
  60 orcs
  A ball python (D:3)
  6 giant cockroaches
  7 goblins
  8 hobgoblins
  6 jackals
  5 quokkas
  5 bats
  A frilled lizard (D:3)
  A giant cockroach zombie (D:6)
  5 goblin zombies (D:9)
  3 hobgoblin skeletons (D:9)
  2 hobgoblin zombies (D:9)
  26 kobolds
  A leopard gecko zombie (D:9)
  4 orc skeletons (D:9)
  11 orc zombies (D:9)
  A quokka zombie (D:7)
  10 rats
  2 river rat simulacra (D:12)
  12 plants
  6 tentacles (Shoals:3)
905 creatures vanquished.

Vanquished Creatures (collateral kills)
  A kraken (Shoals:3)
  Ilsuiw (Shoals:2)
  An orc warlord (Orc:2)
  2 merfolk javelineers
  An ogre mage (Orc:1)
  An alligator snapping turtle (Shoals:3)
  2 two-headed ogres
  A merfolk aquamancer (Shoals:1)
  A merfolk avatar (Shoals:3)
  A sea snake (Shoals:1)
  3 orc knights (Orc:2)
  A manticore (Shoals:3)
  A cyclops (Orc:2)
  3 fauns
  A merfolk siren (Shoals:1)
  2 water nymphs
  A troll (Orc:1)
  3 merfolk
  2 wind drakes
  A snapping turtle (Shoals:1)
  A water elemental (Shoals:1)
  A warg (Orc:2)
  12 orc warriors
  8 ogres
  Blork the orc (Orc:2)
  3 orc priests
  10 orc wizards
  10 orcs
  2 plants
78 creatures vanquished.

Vanquished Creatures (others)
  An orc knight (D:15)
  A cyclops (D:15)
  A kobold demonologist (D:15)
  A boggart (D:15)
  15 fungi
  36 plants
  6 tentacles (Shoals:3)
  4 toadstools (D:4)
65 creatures vanquished.

Grand Total: 1048 creatures vanquished

Notes
Turn   | Place    | Note
-------+----------+-------------------------------------------
     0 | D:1      | Napalmbreeze the Deep Elf Fire Elementalist began the quest
                  | for the Orb.
     0 | D:1      | Reached XP level 1. HP: 10/10 MP: 6/6
   231 | D:1      | Reached XP level 2. HP: 14/15 MP: 5/8
   239 | D:1      | Learned a level 2 spell: Throw Flame
   398 | D:1      | You fall through a shaft!
  1171 | D:2      | Reached XP level 3. HP: 19/19 MP: 5/10
  1176 | D:2      | Learned a level 3 spell: Conjure Flame
  2075 | D:3      | Reached XP level 4. HP: 21/24 MP: 0/11
  2169 | D:3      | Reached skill level 4 in Spellcasting
  2179 | D:3      | Reached XP level 5. HP: 28/28 MP: 6/13
  2481 | D:3      | Learned a level 4 spell: Sticky Flame
  2641 | D:3      | Noticed a centaur
  2656 | D:3      | Killed a centaur
  2656 | D:3      | Reached skill level 5 in Spellcasting
  2656 | D:3      | Reached XP level 6. HP: 5/32 MP: 6/15
  2945 | D:3      | Learned a level 5 spell: Fireball
  3257 | D:3      | Reached skill level 5 in Conjurations
  3695 | D:4      | Reached skill level 5 in Fire Magic
  3740 | D:4      | Found a runed gate.
  3740 | D:4      | Found a runed gate.
  3740 | D:4      | Found an opulent altar of Gozag.
  3741 | D:4      | Found a runed gate.
  3745 | D:4      | Noticed feta's ghost (amateur OpTm)
  4072 | D:4      | Found a staircase to the Ecumenical Temple.
  4081 | Temple   | Entered the Ecumenical Temple
  4151 | Temple   | Became a worshipper of Vehumet
  4205 | D:4      | Reached XP level 7. HP: 36/36 MP: 8/17
  4586 | D:4      | Found Ulustopi's Book Emporium.
  4884 | D:4      | Reached skill level 6 in Spellcasting
  5208 | D:5      | Entered Level 5 of the Dungeon
  5655 | D:4      | Killed feta's ghost
  5801 | D:5      | Reached XP level 8. HP: 41/41 MP: 12/20
  6001 | D:5      | Found Waegoblo's Lightly-Used Armoury.
  6142 | D:5      | Reached * piety under Vehumet
  6142 | D:5      | Offered knowledge of Shock by Vehumet.
  6684 | D:6      | Reached skill level 7 in Spellcasting
  6702 | D:6      | Noticed Eustachio
  6741 | D:6      | Killed Eustachio
  7216 | D:6      | Found an opulent altar of Gozag.
  7495 | D:7      | Reached skill level 1 in Shields
  7734 | D:7      | Reached XP level 9. HP: 40/45 MP: 16/22
  7880 | D:7      | Reached ** piety under Vehumet
  8056 | D:7      | Offered knowledge of Sting by Vehumet.
  8068 | D:7      | Reached skill level 8 in Spellcasting
  8558 | D:8      | Found Diedulea's Book Boutique.
  8850 | D:8      | Noticed Grum
  8865 | D:8      | Killed Grum
  8867 | D:8      | Reached skill level 9 in Spellcasting
  8867 | D:8      | Reached skill level 10 in Conjurations
  9229 | D:8      | Noticed Harold
 10092 | D:9      | Reached skill level 1 in Fighting
 10092 | D:9      | Reached XP level 10. HP: 31/52 MP: 4/25
 10640 | D:8      | Found Diedulea's Book Boutique.
 11263 | D:8      | Killed Harold
 11889 | D:9      | Offered knowledge of Stone Arrow by Vehumet.
 12024 | D:9      | Reached skill level 10 in Spellcasting
 12172 | D:9      | Reached *** piety under Vehumet
 12494 | D:9      | Found a hide-covered altar of Uskayaw.
 12536 | D:9      | Reached skill level 5 in Dodging
 12631 | D:9      | Offered knowledge of Throw Icicle by Vehumet.
 12639 | D:9      | Found a staircase to the Orcish Mines.
 12942 | D:10     | Entered Level 10 of the Dungeon
 13166 | D:10     | Reached **** piety under Vehumet
 13311 | D:10     | Offered knowledge of Lee's Rapid Deconstruction by Vehumet.
 13380 | D:10     | Found a glowing golden altar of the Shining One.
 13380 | D:10     | Found a runed door.
 13380 | D:10     | Noticed an angel
 13585 | D:10     | Noticed Urug
 13588 | D:10     | Killed Urug
 13588 | D:10     | Reached skill level 11 in Spellcasting
 13588 | D:10     | Reached XP level 11. HP: 60/60 MP: 15/28
 13657 | D:10     | Found Livaug's Assorted Antiques.
 13669 | D:10     | Bought a scroll of identify for 44 gold pieces
 14170 | D:11     | Noticed a six-headed hydra
 14508 | D:11     | Reached ***** piety under Vehumet
 14686 | D:11     | Offered knowledge of Airstrike by Vehumet.
 14692 | D:11     | Learned a level 4 spell: Airstrike
 14705 | D:11     | Reached skill level 10 in Fire Magic
 14738 | D:11     | Found a transporter.
 14745 | D:11     | Noticed a skeletal warrior
 14797 | D:11     | Killed a six-headed hydra
 14797 | D:11     | Reached skill level 1 in Air Magic
 14893 | D:11     | Noticed a death yak
 14894 | D:11     | Noticed a death yak
 14903 | D:11     | Killed a death yak
 14907 | D:11     | Noticed a death yak
 14956 | D:10     | Killed a death yak
 14956 | D:10     | Reached skill level 5 in Fighting
 15242 | D:11     | Found a portal to a secret trove of treasure.
 15285 | D:11     | Noticed a death yak
 15285 | D:11     | Noticed a death yak
 15285 | D:11     | Noticed a death yak
 15393 | D:11     | Found the +5 scythe "Finisher" {speed, Str+3}
 15783 | D:11     | Killed a death yak
 15783 | D:11     | Reached skill level 12 in Spellcasting
 15967 | D:11     | Killed a death yak
 16082 | D:11     | Found a staircase to the Lair.
 16087 | D:11     | Killed a death yak
 16234 | D:11     | Found a transporter.
 16235 | D:11     | Noticed endorz's ghost (journeyman HOBe)
 16293 | Lair:1   | Entered Level 1 of the Lair of Beasts
 16358 | Lair:1   | Reached XP level 12. HP: 69/69 MP: 16/30
 16589 | Lair:1   | Found a labyrinth entrance.
 17468 | Lair:1   | Reached skill level 13 in Spellcasting
 17468 | Lair:1   | Reached skill level 5 in Air Magic
 17872 | Lair:2   | Found a staircase to the Shoals.
 17875 | Lair:2   | Found a glowing silver altar of Zin.
 18136 | Lair:2   | Reached skill level 10 in Dodging
 18954 | Lair:3   | Reached skill level 1 in Evocations
 19913 | Lair:4   | Noticed a death yak
 19913 | Lair:4   | Noticed a death yak
 19914 | Lair:4   | Noticed a death yak
 19914 | Lair:4   | Noticed a death yak
 19915 | Lair:4   | Noticed a death yak
 19918 | Lair:4   | Noticed a death yak
 19960 | Lair:3   | Killed a death yak
 20076 | Lair:4   | Found a staircase to the Snake Pit.
 20127 | Lair:4   | Killed a death yak
 20127 | Lair:4   | Reached XP level 13. HP: 76/76 MP: 17/32
 20556 | Lair:4   | Reached skill level 14 in Spellcasting
 20665 | Lair:4   | Got an ancient iron ring
 21174 | Lair:4   | Identified the ring "Beybopp" {+Inv rF- Str+6 Slay+2 SInv}
                  | (You found it on level 4 of the Lair of Beasts)
 21326 | Lair:4   | Offered knowledge of Poison Arrow by Vehumet.
 22080 | Lair:5   | Noticed Kirke
 22088 | Lair:5   | Killed Kirke
 22598 | Lair:5   | Upgraded the game from 0.23-a0-449-g8e4cbf7b70 to
                  | 0.23-a0-451-g1044d4cbad
 23191 | Lair:5   | Reached skill level 5 in Evocations
 23537 | Lair:6   | Entered Level 6 of the Lair of Beasts
 24043 | Lair:5   | Reached XP level 14. HP: 36/84 MP: 1/34
 25046 | Lair:6   | Reached skill level 15 in Spellcasting
 25155 | Lair:6   | Offered knowledge of Freezing Cloud by Vehumet.
 25156 | Lair:6   | Found a staircase to the Slime Pits.
 25610 | Lair:6   | Reached ****** piety under Vehumet
 26875 | D:11     | Found a staircase to the Lair.
 26922 | D:11     | Found a portal to a secret trove of treasure.
 26972 | D:11     | Found a transporter.
 27151 | D:11     | Found a transporter.
 27293 | D:12     | Found Kutun's Mass Market.
 27343 | D:12     | Learned a level 6 spell: Freezing Cloud
 27350 | D:12     | Learned a level 6 spell: Bolt of Fire
 27409 | D:12     | Noticed Gastronok
 27420 | D:12     | Killed Gastronok
 28862 | D:13     | Offered knowledge of Yara's Violent Unravelling by Vehumet.
 29435 | D:13     | Reached XP level 15. HP: 90/90 MP: 32/36
 29451 | D:13     | Learned a level 8 spell: Ignition
 30293 | D:13     | Found a shimmering altar of Xom.
 30293 | D:13     | Found an opulent altar of Gozag.
 30307 | D:13     | Found an iron altar of Okawaru.
 30308 | D:13     | Found an ornate altar of the Wu Jian Council.
 30628 | D:14     | Reached skill level 16 in Spellcasting
 30984 | D:14     | Offered knowledge of Spellforged Servitor by Vehumet.
 31036 | D:13     | Learned a level 7 spell: Spellforged Servitor
 31505 | D:14     | Reached skill level 1 in Ice Magic
 31522 | D:14     | Reached skill level 1 in Summonings
 31820 | D:14     | Found a gate to the Vaults.
 31951 | D:15     | Entered Level 15 of the Dungeon
 32234 | D:15     | Reached skill level 15 in Conjurations
 32815 | D:15     | Offered knowledge of Conjure Ball Lightning by Vehumet.
 33376 | D:15     | Reached skill level 5 in Ice Magic
 33697 | D:15     | Found a staircase to the Depths.
 34039 | Orc:1    | Entered Level 1 of the Orcish Mines
 34434 | Orc:1    | Noticed Josephine
 34436 | Orc:1    | Killed Josephine
 34436 | Orc:1    | Reached skill level 10 in Fighting
 34763 | Orc:2    | Entered Level 2 of the Orcish Mines
 35194 | Orc:2    | Offered knowledge of Orb of Destruction by Vehumet.
 35259 | Orc:2    | Noticed Blork the orc
 35265 | Orc:2    | Killed Blork the orc
 35379 | Orc:2    | Reached XP level 16. HP: 36/97 MP: 10/38
 35781 | Orc:2    | Found a roughly hewn altar of Beogh.
 35977 | Orc:2    | Found Geulen's Antique Armour Emporium.
 35999 | Orc:2    | Found Zeigyeh's General Store.
 36004 | Orc:2    | Found Xioba's Jewellery Emporium.
 36361 | Orc:2    | Found Kesuifila's Antique Weapon Emporium.
 36379 | Orc:2    | Found a staircase to the Elven Halls.
 36803 | Shoals:1 | Entered Level 1 of the Shoals
 37125 | Shoals:1 | Reached skill level 5 in Summonings
 37131 | Shoals:1 | Offered knowledge of Fire Storm by Vehumet.
 37131 | Shoals:1 | Offered knowledge of Glaciate by Vehumet.
 37131 | Shoals:1 | Offered knowledge of Tornado by Vehumet.
 38152 | Shoals:2 | Noticed Ilsuiw
 38161 | Shoals:2 | Killed Ilsuiw
 39106 | Shoals:3 | Noticed a kraken
 39111 | Shoals:3 | Killed a kraken
 39408 | Shoals:3 | Noticed a kraken
 39411 | Shoals:3 | Killed a kraken
 39522 | Shoals:4 | Entered Level 4 of the Shoals
 39522 | Shoals:4 | Found Urushum's Food Shop.
 39671 | Shoals:3 | Mangled by a sea snake

Vault maps used:
D:1:      dpeg_arrival_arbitrary_c, minmay_misc_feat_nine_boxes,
          minmay_fountain_box, chequers_serial_rivers_micro_b, hex_intersection
D:2:      hangedman_abyss_or_decor_lesser_grid, patterned_corridor
D:3:      first_ration, minmay_pentomino_pile
D:4:      lemuel_temple_firewalk_a, ebering_ghost_gozag, serial_shops, shop,
          minmay_gold_behind_fungi, wad_orctagon
D:5:      minmay_shop_damaged, grunt_ministairs_13
D:6:      grunt_gozag_statues, uniq_eustachio
D:8:      serial_shops, nicolae_shop_window_shopping, uniq_grum, uniq_harold
D:9:      eat_drink_and_be_merry_uskayaw, zombieorc2_lemuel
D:10:     serial_shops, shop_fountains, hangedman_pestilent_swarm,
          lemuel_angel_altar, uniq_urug
D:11:     dpeg_lair_monsters, gammafunk_ghost_mausoleum,
          nicolae_trove_entry_crossroad, minmay_guarded_unrand_finisher
D:12:     cheibrodos_lost_city_excavation, minmay_shop_mass,
          eino_house_with_fridge, uniq_gastronok
D:13:     minmay_the_grid_octo_tiled_octocenter_mashed, st_stairs_7,
          minmay_mirror_moons_of_madness
D:14:     grunt_vaults_entry_tiered, special_room
D:15:     gammafunk_enter_depths_forms, serial_bayou, serial_bayou_pond_d,
          serial_bayou_pond_c, serial_bayou_pond_d, serial_bayou_pond_b,
          chequers_serial_rivers_micro_b, lemuel_nasty_fountain
Temple:   compressed_dpeg_triangle_lava_temple
Lair:1:   lab_entry_generic, nicolae_quartered_pool_little,
          grunt_forest_small_clearings, minivault_11, serial_bayou_shore_b
Lair:2:   minmay_shoals_entry_beasts, basic_altar, minivault_26, st_stairs_9
Lair:3:   serial_bayou_shore_a
Lair:4:   guppyfry_snake_entry_island, infiniplex_staircase_pool,
          grunt_megastairs_1, minmay_lair_oklob_chamber
Lair:5:   lemuel_fruit_tree, uniq_kirke
Lair:6:   minmay_lair_end_enchanted_forest, minmay_slime_entry_oklob_open,
          serial_bayou, serial_bayou_pond_d, serial_bayou_ford_a,
          serial_bayou_pond_e, serial_bayou_crossing
Shoals:2: uniq_ilsuiw
Shoals:4: shoals_end_grunt_ice, serial_shops, shop, nicolae_shop_statue_plus,
          centaur_isle
Orc:1:    uniq_josephine
Orc:2:    grunt_orc_cross, nooodl_orcs_dogs

Skill      XL: |  1  2  3  4  5  6  7  8  9 10 11 12 13 14 15 16 |
---------------+-------------------------------------------------+-----
Conjurations   | 2 3 4 5 7 8 10 12 14 15 | 15.3
Spellcasting   | 4 5 6 7 9 11 12 13 14 15 16 | 16.0
Fire Magic     | 4 5 6 8 9 10 11 12 | 12.3
Shields        | 2 4 |  4.2
Dodging        | 3 6 8 10 11 | 11.5
Fighting       | 1 3 5 7 8 9 10 | 10.9
Air Magic      | 3 6 7 8 |  8.0
Evocations     | 2 5 7 8 |  8.4
Ice Magic      | 6 |  6.7
Summonings     | 4 7 |  7.2
Stealth        | |  2.4

Action                   |  1- 3 |  4- 6 |  7- 9 | 10-12 | 13-15 | 16-18 || total
-------------------------+-------+-------+-------+-------+-------+-------++-------
Melee: Unarmed           |     2 |       |       |       |       |       ||     2
       Halberd           |    12 |    46 |    66 |       |       |       ||   124
       Long sword        |       |       |    13 |    60 |    49 |       ||   122
       Staff             |       |       |       |       |     8 |     3 ||    11
Throw: Stone             |     1 |       |       |       |       |       ||     1
       Javelin           |     1 |       |       |       |       |       ||     1
 Cast: Flame Tongue      |    53 |    51 |   115 |   211 |   125 |     6 ||   561
       Throw Flame       |    10 |    35 |    77 |   140 |    78 |       ||   340
       Conjure Flame     |     1 |     8 |    14 |    24 |     5 |       ||    52
       Sticky Flame      |       |     2 |    10 |    55 |    70 |     3 ||   140
       Fireball          |       |       |    18 |    88 |   408 |    98 ||   612
       Airstrike         |       |       |       |     7 |       |     2 ||     9
       Freezing Cloud    |       |       |       |       |    13 |     4 ||    17
       Bolt of Fire      |       |       |       |       |     6 |    25 ||    31
       Spellforged Servi |       |       |       |       |     9 |    23 ||    32
Evoke: Wand              |       |       |       |       |     9 |       ||     9
  Use: Potion            |       |     1 |     2 |       |       |       ||     3
       Scroll            |       |       |     2 |    12 |     8 |     1 ||    23
 Stab: Sleeping          |     1 |     2 |       |     1 |       |       ||     4
       Distracted        |       |       |       |       |       |     1 ||     1
  Eat: Chunk             |     1 |     7 |    27 |    42 |    48 |    25 ||   150
       Ration            |     1 |       |     1 |       |     1 |       ||     3
Armor: Robe              |     6 |     5 |    34 |    30 |    26 |     9 ||   110
Dodge: Dodged            |    26 |    28 |    88 |   107 |   179 |    49 ||   477
Block: Buckler           |       |       |    10 |    31 |    43 |     8 ||    92
       Rpst.: Long sword |       |       |     4 |    28 |    30 |       ||    62

Table legend:
 A = Non-vault XP
 B = Vault XP
 C = Vault XP percentage of total XP
 D = Non-vault monster count
 E = Vault monster count
 F = Vault count percentage of total count
                 A         B        C        D         E       F
            +---------+---------+-------+---------+---------+-------
      Total |  131973 |   71354 |  35.1 |     655 |     308 |  32.0
            +---------+---------+-------+---------+---------+-------
        D:1 |      47 |       0 |   0.0 |      19 |       0 |   0.0
        D:2 |      15 |       0 |   0.0 |       8 |       0 |   0.0
        D:3 |     464 |      29 |   5.9 |      34 |       4 |  10.5
        D:4 |     372 |     299 |  44.6 |      21 |       7 |  25.0
        D:5 |     217 |      37 |  14.6 |      10 |       3 |  23.1
        D:6 |     696 |     202 |  22.5 |      18 |       1 |   5.3
        D:7 |    1315 |       0 |   0.0 |      18 |       0 |   0.0
        D:8 |    1006 |    1456 |  59.1 |      13 |       4 |  23.5
        D:9 |    2044 |     656 |  24.3 |      33 |      36 |  52.2
       D:10 |    2579 |    2194 |  46.0 |      47 |       6 |  11.3
       D:11 |    3475 |    4149 |  54.4 |      22 |       7 |  24.1
       D:12 |    2013 |    6434 |  76.2 |      15 |      19 |  55.9
       D:13 |    6962 |   10394 |  59.9 |      40 |      32 |  44.4
       D:14 |    5852 |    6920 |  54.2 |      25 |      39 |  60.9
       D:15 |   12836 |    6997 |  35.3 |      40 |      18 |  31.0
     Lair:1 |    4945 |     397 |   7.4 |      22 |       1 |   4.3
     Lair:2 |    4314 |     894 |  17.2 |      20 |       3 |  13.0
     Lair:3 |    5491 |       0 |   0.0 |      15 |       0 |   0.0
     Lair:4 |    7638 |    3927 |  34.0 |      20 |      13 |  39.4
     Lair:5 |    7814 |    4136 |  34.6 |      25 |      11 |  30.6
     Lair:6 |   14487 |    9780 |  40.3 |      43 |      43 |  50.0
   Shoals:1 |   12067 |       0 |   0.0 |      29 |       0 |   0.0
   Shoals:2 |    9581 |    3282 |  25.5 |      22 |       4 |  15.4
   Shoals:3 |   15759 |       0 |   0.0 |      29 |       0 |   0.0
   Shoals:4 |    3733 |     228 |   5.8 |       8 |       1 |  11.1
      Orc:1 |    3939 |    1866 |  32.1 |      24 |       6 |  20.0
      Orc:2 |    2312 |    7077 |  75.4 |      35 |      50 |  58.8
            +---------+---------+-------+---------+---------+-------
